Map: Kairos Junction LE

Players

Гладиатор

  • Race: Protoss Protoss
  • League: Master
  • Spawn Location: 11:00

Mez - Winner!

  • Race: Terran Terran
  • League: Master
  • Spawn Location: 5:00

VOD

Have the link to the VOD?

Description

Time

  • Played on: Aug. 10, 2019, 10:05 a.m.
  • Length: 14:52
Show
View Real Time Build Order
Export as new Build Order

Гладиатор Protoss 

Build Orders: 1 Gate Expand 

Get SALT Encoding   

  12  0:01  Probe  
  13  0:13  Probe  
  14  0:18  Pylon  
  14  0:24  Probe  
  15  0:32  Probe  
  15  0:38  Gateway  
  15  0:42  Probe  
  16  0:47  Assimilator  
  17  0:53  Probe  
  18  1:05  Probe  
  19  1:17  Probe  
  20  1:28  Nexus  
  20  1:35  Cybernetics Core  
  20  1:44  Assimilator  
  20  1:49  Pylon  
  20  1:50  Probe  
  21  2:02  Stalker, Probe  
  22  2:11  Probe  
  24  2:16  Warp Gate  
  24  2:19  Probe  
  24  2:28  Probe  
  25  2:31  Stalker  
  28  2:40  Probe  
  28  2:41  Probe  
  30  2:44  Gateway  
  30  2:48  Probe  
  30  2:53  Probe  
  30  2:55  Robotics Facility  
  32  2:58  Probe  
  32  3:05  Probe  
  34  3:07  Stalker  
  36  3:15  Probe  
  36  3:19  Pylon  
  37  3:20  Probe  
  38  3:27  Probe  
  39  3:34  Probe  
  39  3:35  Sentry  
  39  3:37  Stalker  
  39  3:39  Probe  
  45  3:42  Probe  
  45  3:43  Observer  
  47  3:50  Twilight Council  
  47  3:51  Probe  
  47  3:52  Probe  
  49  3:58  Pylon  
  49  4:04  Observer  
  49  4:05  Probe  
  49  4:07  Charge  
  51  4:17  Probe  
  52  4:20  Pylon  
  52  4:27  Observer  
  52  4:29  Nexus  
  52  4:30  Pylon  
  53  4:35  Probe  
  54  4:38  Pylon  
  54  4:41  Gateway x2  
  54  4:42  Probe  
  55  4:45  Assimilator  
  55  4:48  Assimilator  
  55  4:50  Observer  
  55  4:52  Probe  
  57  5:00  Probe  
  57  5:04  Probe  
  59  5:07  Gateway  
  59  5:09  Gateway  
  59  5:12  Probe  
  60  5:19  Observer  
  60  5:21  Warp Prism  
  60  5:24  Robotics Bay  
  60  5:26  Pylon  
  62  5:30  Sentry  
  62  5:31  Zealot  
  62  5:33  Probe x2  
  68  5:36  Observer, Gateway  
  68  5:38  Pylon  
  68  5:43  Blink  
  68  5:47  Probe x3  
  71  5:50  Observer  
  71  5:53  Pylon  
  71  5:54  Sentry  
  73  5:59  Probe x3  
  76  6:04  Zealot x3  
  76  6:06  Zealot  
  84  6:18  Probe x2, Disruptor  
  86  6:20  Probe  
  86  6:21  Extended Thermal Lance  
  86  6:24  Forge  
  90  6:28  Protoss Ground Weapons Level 1  
  90  6:30  Probe  
  90  6:31  Probe  
  90  6:34  Probe, Forge  
  90  6:37  Zealot, Pylon  
  90  6:38  Protoss Ground Armor Level 1  
  90  6:39  Probe  
  95  6:40  Zealot  
  95  6:46  Probe  
  95  6:55  Disruptor  
  95  7:00  Zealot x2  
  95  7:01  Zealot  
  104  7:06  Probe x2  
  106  7:09  Assimilator  
  106  7:11  Assimilator  
  106  7:19  Robotics Facility  
  106  7:20  Zealot x2, Pylon  
  110  7:27  Probe x3  
  113  7:33  Pylon, Disruptor  
  113  7:35  Pylon  
  116  7:46  Zealot x4  
  116  7:47  Zealot  
  118  7:57  Colossus  
  114  8:01  Probe  
  107  8:09  Zealot x3, Colossus  
  107  8:10  Zealot x2  
  129  8:14  Probe x2  
  131  8:20  Gateway  
  131  8:22  Gateway  
  131  8:24  Pylon  
  131  8:28  Templar Archives  
  131  8:30  Protoss Ground Weapons Level 2  
  131  8:31  Pylon  
  131  8:32  Stalker  
  131  8:33  Stalker x5  
  143  8:38  Probe  
  143  8:40  Protoss Ground Armor Level 2  
  143  8:50  Colossus  
  145  9:05  Zealot x3  
  135  9:24  Colossus  
  135  9:28  Zealot, Stalker  
  135  9:29  Stalker  
  132  9:33  Photon Cannon  
  132  9:35  Photon Cannon  
  132  9:40  Probe x3  
  135  9:46  Nexus  
  135  9:47  Pylon  
  135  9:49  Warp Prism  
  137  9:53  Probe x2  
  137  9:54  Probe  
  140  10:19  Probe  
  141  10:23  Stalker  
  141  10:24  Stalker x2  
  141  10:26  Immortal x2  
  141  10:27  Psionic Storm  
  155  10:31  Stalker x2  
  155  10:32  Zealot  
  151  10:46  Probe x3  
  154  10:51  Protoss Ground Armor Level 3  
  154  10:56  Protoss Ground Weapons Level 3  
  154  10:58  Probe x3  
  154  11:02  Probe  
  156  11:10  Probe  
  157  11:11  Stalker x2  
  157  11:12  Stalker  
  151  11:27  Stalker x4  
  151  11:30  Probe  
  150  11:34  Disruptor x2  
  156  11:41  Probe  
  157  11:47  Assimilator  
  157  11:49  High Templar, Assimilator  
  157  12:27  Zealot x4  
  157  12:28  High Templar x2  
  111  13:30  Stalker  
  111  13:31  Stalker x7  
  111  13:32  Stalker  
  111  13:33  Colossus  
  111  13:34  Colossus  
  111  13:42  Probe  
  112  13:49  Probe  
  113  13:58  Zealot x3  
  113  13:59  Zealot x5  
  113  14:00  Zealot  
  131  14:07  Nexus  
  100  14:22  Zealot x3  
  100  14:23  Zealot  
  100  14:24  Zealot x4  
Show
View Real Time Build Order
Export as new Build Order

Mez Terran - Winner!

Build Orders: Reaper Expand 

Get SALT Encoding   

  12  0:00  SCV  
  13  0:13  SCV  
  14  0:17  Supply Depot  
  14  0:25  SCV  
  15  0:39  SCV  
  15  0:40  Barracks  
  16  0:45  Refinery  
  16  0:51  SCV  
  17  1:03  SCV  
  18  1:15  SCV  
  19  1:29  Reaper, Orbital Command  
  20  1:43  Command Center  
  20  1:50  Supply Depot  
  20  1:55  SCV  
  21  2:02  Barracks Reactor  
  21  2:17  SCV  
  22  2:27  Command Center  
  22  2:29  SCV  
  23  2:36  Bunker  
  23  2:42  Factory  
  23  2:47  SCV  
  23  2:48  Marine  
  23  2:50  Marine  
  26  2:59  Orbital Command  
  26  3:02  SCV  
  27  3:10  Marine x2  
  29  3:14  Refinery  
  29  3:16  SCV  
  30  3:26  Widow Mine  
  32  3:28  SCV  
  32  3:29  SCV, Marine x2  
  36  3:37  Starport  
  36  3:40  Orbital Command  
  36  3:43  SCV  
  36  3:47  Refinery  
  36  3:48  SCV  
  38  3:52  Widow Mine  
  38  3:55  Marine x2  
  41  3:59  SCV  
  41  4:02  SCV  
  44  4:09  SCV  
  45  4:12  SCV  
  45  4:19  Starport Tech Lab  
  45  4:20  Factory Tech Lab  
  45  4:24  SCV x2  
  45  4:25  SCV  
  48  4:33  Marine x2  
  48  4:36  SCV x2  
  48  4:37  Supply Depot  
  52  4:41  Siege Tank  
  52  4:42  Raven  
  57  4:48  SCV x2  
  57  4:49  Barracks  
  57  4:50  SCV, Barracks  
  57  4:51  Marine  
  61  4:58  Marine  
  62  5:02  SCV x2  
  62  5:03  SCV  
  62  5:04  Refinery  
  62  5:05  Supply Depot  
  65  5:08  Supply Depot  
  65  5:14  SCV x2  
  67  5:21  Engineering Bay  
  67  5:22  Engineering Bay  
  67  5:26  SCV x2  
  67  5:27  Siege Tank  
  72  5:36  Starport Reactor  
  72  5:37  Barracks  
  72  5:41  Barracks  
  72  5:43  Orbital Command  
  72  5:46  Marine x2  
  72  5:49  Stimpack  
  74  5:52  Marauder  
  74  5:54  SCV x2  
  74  5:56  Terran Infantry Armor Level 1, Terran Infantry Weapons Level 1  
  78  6:09  SCV x3  
  81  6:11  Marine  
  81  6:14  Marauder  
  81  6:16  Marine, Supply Depot x2  
  85  6:21  Factory Reactor  
  85  6:30  Barracks Reactor, Barracks Tech Lab  
  85  6:37  SCV x2, Marine, Marauder x2  
  85  6:38  SCV  
  93  6:42  Supply Depot  
  93  6:43  Supply Depot x2  
  93  6:45  Medivac x2  
  93  6:46  Supply Depot  
  97  6:47  Combat Shield  
  97  6:49  SCV x2  
  97  6:51  Supply Depot  
  96  6:55  Marine  
  96  6:56  Marine, Marauder  
  96  6:59  Missile Turret  
  100  7:04  Marauder x2  
  100  7:05  SCV x3  
  100  7:06  Armory  
  107  7:12  Bunker  
  107  7:15  Supply Depot  
  107  7:16  Supply Depot  
  107  7:18  Supply Depot  
  107  7:19  Marine x3, Marauder  
  107  7:20  Medivac x2  
  107  7:22  SCV x3  
  119  7:29  Refinery  
  119  7:31  Refinery  
  119  7:33  Widow Mine x2, Marauder  
  119  7:34  SCV x2, Marine  
  119  7:35  SCV, Marauder  
  130  7:48  Marine x3  
  130  7:49  Marauder  
  134  7:54  Marauder  
  135  8:00  Marine, Marauder, Medivac  
  135  8:01  SCV x2, Medivac  
  135  8:02  Widow Mine x2  
  146  8:06  Marine x2  
  148  8:13  Supply Depot x2  
  148  8:16  Marauder  
  150  8:25  Marine x4, Marauder  
  150  8:26  Barracks Tech Lab  
  156  8:28  Concussive Shells  
  156  8:29  Widow Mine x2  
  160  8:37  Marauder  
  162  8:43  Ghost Academy, Supply Depot x2  
  162  8:44  Supply Depot  
  162  8:47  Marauder  
  164  8:50  Command Center  
  164  8:51  Marine x3, Marauder  
  164  8:52  Marine  
  164  8:53  Widow Mine x2  
  174  8:58  Marauder  
  156  9:07  Marine  
  145  9:11  Marine x4  
  145  9:13  Marauder  
  135  9:20  Marauder  
  135  9:21  Liberator x2  
  131  9:24  Terran Infantry Armor Level 2, Terran Infantry Weapons Level 2  
  131  9:26  Marauder  
  131  9:28  Marine  
  131  9:29  Marine x3  
  133  9:34  Widow Mine x2, Marauder  
  137  9:41  Marauder  
  137  9:43  Starport  
  145  9:47  Marauder  
  147  9:54  Marine x3  
  147  9:56  Marauder  
  152  10:04  Barracks  
  152  10:05  Barracks  
  143  10:07  Barracks  
  143  10:12  Marauder x2  
  136  10:21  Viking x2  
  136  10:27  Marine x2  
  136  10:28  Marine x2, Marauder  
  146  10:30  Viking  
  146  10:33  Marauder  
  146  10:43  Viking  
  146  10:45  Marine x2, Marauder  
  146  10:49  Marauder  
  150  10:55  Viking x2  
  154  10:58  Planetary Fortress  
  154  11:00  Viking  
  154  11:11  Marauder x2  
  154  11:12  Barracks Tech Lab  
  154  11:13  Viking, Barracks Tech Lab x2  
  154  11:15  Marine x2  
  162  11:25  Viking x2  
  157  11:31  Viking  
  166  11:32  Marauder  
  166  11:33  Ghost x4  
  166  11:34  Marine x2  
  168  11:43  Viking  
  168  11:45  Missile Turret  
  170  11:52  Terran Infantry Weapons Level 3  
  170  11:53  Command Center  
  170  12:01  Ghost x2  
  170  12:02  Marine x5, Marauder x2  
  180  12:23  Viking x2  
  180  12:25  Marine x4, Marauder x2  
  192  12:40  Sensor Tower  
  176  12:53  Marine x5, Marauder x3  
  176  12:54  Marine  
  175  13:15  Liberator x4  
  158  13:23  Marauder x2  
  148  13:27  Marine x3, Marauder x2  
  148  13:28  Marine, Marauder x2  
  167  13:38  Refinery x2  
  167  13:40  Command Center  
  167  13:43  Marine  
  167  13:44  Marine  
  167  13:45  Marine x2  
  171  13:49  Marauder x2  
  171  13:52  Command Center  
  175  14:05  Marine  
  175  14:06  Marine x7  
  172  14:11  Marine  
  172  14:12  Marine  
  165  14:22  Medivac x2  
  165  14:23  Marine x5  
  177  14:24  Marauder x2  
  177  14:34  Starport  
Tags
 
Add a new tag
Caveats
  • Supply blocks, unpowered buildings, or Contaminate may cause inaccurate times.
  • Supply counts are checked every 10 seconds.